 Dungeon Crawl Stone Soup version 0.31.0-32-g396128a36d (webtiles) character file.

Game seed: 10867654496979768380

1189 chippings the Changeling (level 8, -4/100 HPs)
             Began as a Red Draconian Shapeshifter on Apr 16, 2024.
             Was an Initiate of Wu Jian.
             Killed by divine providence
             ... invoked by an orc priest
              (10 damage)
             ... on level 6 of the Dungeon.
             The game lasted 00:09:16 (5439 turns).

chippings the Changeling (DrSh)                     Turns: 5439, Time: 00:09:16

Health: -4/100     AC: 24    Str: 19    XL:     8   Next: 19%
Magic:  8/8        EV:  2    Int: 10    God:    Wu Jian [......]
Gold:   289        SH:  0    Dex: 11    Spells: 5/7 levels left

rFire   + .          .
                       - Unarmed
rCold   + . .        (no shield)
rNeg    . . .        (body armour unavailable)
rPois   +            (helmet currently unavailable)
rElec   +            i - melded +0 cloak
rCorr   +            t - melded +0 pair of gloves
SInv    .            (boots currently unavailable)
Will    .....        (no amulet)
Stlth   +            s - ring of poison resistance
HPRegen 0.36/turn    (no ring)
MPRegen 0.11/turn

%: no passive effects
@: tree-form, resistant
A: stationary, stasis, torment immunity, boosted hp, (breathe fire), AC +6,
unfitting armour, (fire resistance 1), (cold-blooded)
a: Renounce Religion


You were on level 6 of the Dungeon.
You worshipped Wu Jian.
Wu Jian was noncommittal.
You were a tree.
You visited 2 branches of the dungeon, and saw 7 of its levels.

You collected 506 gold pieces.
You spent 217 gold pieces at shops.

Inventory:

Armour
 i - a +0 cloak (melded)
 t - a +0 pair of gloves (melded)
Jewellery
 s - a ring of poison resistance (left branch)
Talismans
 b - a beast talisman
 c - a flux talisman (active)
 r - a blade talisman
Wands
 w - a wand of flame (29)
 y - a wand of quicksilver (11)
Scrolls
 f - a scroll of amnesia {unknown}
 h - 3 scrolls of teleportation
 l - 5 scrolls of identify
 n - a scroll of fog {unknown}
 o - a scroll of brand weapon {unknown}
 p - a scroll of enchant armour {unknown}
 u - a scroll of revelation {unknown}
 v - a scroll of noise {unknown}
 x - a scroll of torment {unknown}
Potions
 d - a potion of berserk rage {unknown}
 e - a potion of attraction {unknown}
 g - 2 potions of heal wounds {unknown}
 j - a potion of brilliance {unknown}
 k - 2 potions of mutation {unknown}
 m - a potion of resistance
 q - 2 potions of curing
 z - a potion of enlightenment {unknown}


   Skills:
 + Level 4.4 Fighting
 + Level 4.1 Dodging
 + Level 4.8 Unarmed Combat
 + Level 3.4 Translocations
 * Level 6.1 Shapeshifting


You had 5 spell levels left.
You knew the following spells:

 Your Spells              Type           Power      Damage    Failure   Level
a - Blink                 Tloc           12%        N/A       14%         2

Your spell library contained the following spells:

 Spells                   Type           Power      Damage    Failure   Level
 Freeze                   Ice            0%         1d3       36%         1
 Magic Dart               Conj           0%         1d3       36%         1
 Call Imp                 Summ           0%         N/A       50%         2
 Frozen Ramparts          Ice            0%         1d1       75%         3
 Hailstorm                Conj/Ice       0%         3d5       75%         3


Dungeon Overview and Level Annotations

Branches:
Dungeon (6/15)             Temple (1/1) D:4

Altars:
Ashenzari
Cheibriados
Fedhas
Gozag
Hepliaklqana
Kikubaaqudgha
Nemelex Xobeh
Okawaru
Qazlal
Ru
Sif Muna
Trog
Uskayaw
Vehumet
Wu Jian
Xom
Yredelemnul
The Shining One

Shops:
D:5 *

Annotations:
D:4 2 transporters, flammie80's ghost, weakling FoMo
D:6 1 runed translucent door


Innate Abilities, Weirdness & Mutations

You are a tree.
Your roots penetrate the ground, keeping you stationary.
You cannot be teleported.
You are immune to unholy pain and torment.
Your maximum health is greatly increased.
Your equipment is partially melded.
((You can breathe blasts of fire.))
((Your fiery red scales are hard. (AC +6)))
You cannot fit into any form of body armour.
((Your flesh is heat resistant. (rF+)))
((You are cold-blooded and may be slowed by cold attacks.))


Message History

The orc warrior shouts!
The orc priest shouts!
The orc shouts!
The orc priest mumbles some strange prayers to Beogh against you.
Beogh smites you!
You hit the orc warrior.
The orc warrior begins to glow.
The orc warrior is lightly wounded.
The orc warrior hits you with a +0 battleaxe.
You barely miss the orc warrior.
The orc warrior is lightly wounded.
The orc priest mumbles some strange prayers to Beogh against you.
Beogh smites you!
You hit the orc.
The orc begins to glow.
You tail-slap the orc.
The orc is heavily wounded.
The orc warrior hits you with a +0 battleaxe!
The orc hits you with a +0 club.
The orc priest mumbles some strange prayers to Beogh against you.
Beogh smites you!
* * * LOW HITPOINT WARNING * * *
Your transformation has ended.
You turn into a tree.
Your +0 cloak melds into your body.
Your +0 pair of gloves melds into your body.
Your roots penetrate the ground.
The orc warrior hits you but does no damage.
Unknown command.
You smack the orc warrior!
The orc warrior is heavily wounded.
You hit the orc warrior but do no damage.
The orc warrior is heavily wounded.
The orc warrior hits you with a +0 battleaxe!
* * * LOW HITPOINT WARNING * * *
The orc hits you but does no damage.
It was a potion of resistance.
You feel protected.
The orc warrior hits you with a +0 battleaxe.
* * * LOW HITPOINT WARNING * * *
The orc hits you but does no damage.
The orc priest hits you but does no damage.
It was a potion of curing.
You feel better.
The orc priest calls down the wrath of Beogh upon you.
Beogh smites you!
You die...

.####...................##
#.... .#
###.###.#######.#####
#.#.# .# #.##....# #.#
#.#.. ## ##.##....#####.#
#.##. #...........##.#
#.### ####...........##.#
### # #..............####
#.............o######.
#.............♣o......
#.............o#######
##### #..............+
#.... #..............#
#.... #...............
#.... #..........###...
#.... #..........# #...
##.... #######.###### #...
#..... ..........# ###...


You could see an orc warrior (contam), an orc priest and an orc (contam).

Vanquished Creatures
  2 steam dragons (D:6)
  Edmund (D:6)
  A phantom (D:5)
  3 scorpions
  A jelly (D:3)
  2 bombardier beetles
  2 orc priests (D:3)
  5 hounds
  Terence (D:3)
  2 iguanas
  An orc wizard (D:3)
  8 adders
  A white imp (D:5)
  2 ufetubi (D:5)
  3 ribbon worms (D:2)
  A dart slug (D:3)
  11 orcs
  9 bats
  5 endoplasms
  3 giant cockroaches
  3 goblins
  9 hobgoblins
  7 jackals (D:1)
  4 quokkas
  6 ball pythons
  2 frilled lizards (D:1)
  10 kobolds
  2 rats (D:1)
107 creatures vanquished.

Notes
Turn   | Place    | Note
-------+----------+-------------------------------------------
     0 | D:1      | chippings the Draconian Shapeshifter began the quest for
                  | the Orb.
     0 | D:1      | Reached XP level 1. HP: 16/16 MP: 1/1
   250 | D:1      | Reached XP level 2. HP: 21/23 MP: 2/2
   416 | D:1      | Found a faded altar of an unknown god.
   910 | D:2      | Reached XP level 3. HP: 28/29 MP: 3/3
  1016 | D:2      | Learned a level 2 spell: Blink
  1068 | D:2      | Noticed a scorpion
  1084 | D:2      | Killed a scorpion
  1085 | D:2      | Reached XP level 4. HP: 20/36 MP: 4/4
  1237 | D:2      | Reached skill level 1 in Translocations
  1800 | D:3      | Reached skill level 4 in Shapeshifting
  1800 | D:3      | Reached XP level 5. HP: 41/42 MP: 5/5
  1994 | D:3      | Noticed Terence
  2009 | D:3      | Killed Terence
  2619 | D:3      | Reached XP level 6. HP: 29/50 MP: 6/6
  2773 | D:4      | Found a blossoming altar of Fedhas.
  2791 | D:4      | Found a radiant altar of Vehumet.
  2796 | D:4      | Found a hazy altar of Hepliaklqana.
  2801 | D:4      | Found a bloodstained altar of Trog.
  2986 | D:4      | Found a staircase to the Ecumenical Temple.
  2993 | Temple   | Entered the Ecumenical Temple
  3008 | Temple   | Became a worshipper of the Wu Jian Council
  3044 | D:4      | Found a transporter.
  3046 | D:4      | Found a transporter.
  3046 | D:4      | Noticed flammie80's ghost (weakling FoMo)
  3055 | D:4      | Noticed an orc warrior
  3460 | D:5      | Entered Level 5 of the Dungeon
  3489 | D:5      | Identified the +2 whip of Xeacov {flame, *Rage rPois Str+5
                  | Stlth+}
  3493 | D:5      | Found Zyritt's Assorted Antiques.
  3501 | D:5      | Bought a scroll labelled USTAUPT CUSMY for 31 gold pieces
  3501 | D:5      | Bought a scroll labelled YNNAUQI ATHOUTH for 31 gold pieces
  3501 | D:5      | Bought a shiny bone ring for 155 gold pieces
  3836 | D:5      | Reached skill level 5 in Shapeshifting
  3836 | D:5      | Your scales start taking on a fiery red colour.
  3836 | D:5      | Reached XP level 7. HP: 44/57 MP: 7/7
  3836 | D:5      | Gained mutation: Your flesh is heat resistant. (rF+) [Red
                  | Draconian growth]
  4827 | D:6      | Found a runed translucent door.
  4902 | D:6      | Noticed Edmund
  4904 | D:6      | Noticed a steam dragon
  4910 | D:6      | Noticed a steam dragon
  4911 | D:6      | Killed Edmund
  5092 | D:6      | Killed a steam dragon
  5103 | D:6      | Killed a steam dragon
  5104 | D:6      | Reached XP level 8. HP: 54/66 MP: 8/8
  5207 | D:6      | Reached skill level 6 in Shapeshifting
  5437 | D:6      | HP: 4/100 [orc warrior/+0 battleaxe (7)]
  5438 | D:6      | HP: 1/100 [orc warrior/+0 battleaxe (4)]
  5439 | D:6      | Killed from afar by an orc priest

Illustrated notes

Levels and vault maps discovered:
D:1:      lemuel_arrival_room, layout_basic, ebering_ecumenical_altar_webs
D:2:      layout_loops_ring
D:3:      layout_loops_ring, uniq_terence
D:4:      wander_river, layout_gridville, grunt_temple_overflow_cloverleaf,
          minmay_temple_entry_hall, gammafunk_ghost_arena, grunt_decor_junction,
          minmay_misc_feat_room
D:5:      layout_loops_corners, serial_shops, shop, minmay_starry_boxes
D:6:      layout_basic, ebering_ghost_sewer_d, grunt_ministairs_5, st_stairs_8,
          uniq_edmund
Temple:   compressed_dpeg_circular_temple

Skill      XL: |  1  2  3  4  5  6  7  8 |
---------------+-------------------------+-----
Dodging        | 2 3 4 |  4.1
Fighting       | 2 3 4 |  4.4
Translocations | 1 2 3 |  3.4
Shapeshifting  | 4 5 6 |  6.1
Unarmed Combat | 4 |  4.8

Action                     |  1- 3 |  4- 6 |  7- 9 || total
---------------------------+-------+-------+-------++-------
  Melee: Unarmed           |    94 |   185 |   101 ||   380
         Punch             |     2 |     3 |     2 ||     7
         Tailslap          |    10 |    19 |    16 ||    45
Ability: Lunge             |       |     2 |     5 ||     7
    Use: Scroll            |       |       |     2 ||     2
         Potion            |       |       |     3 ||     3
   Stab: Sleeping          |     1 |     1 |       ||     2
 Armour: Skin              |    51 |    94 |    60 ||   205
  Dodge: Dodged            |    60 |    80 |    81 ||   221
   Form: Beast             |       |     2 |       ||     2
         Flux              |       |     1 |     1 ||     2
